 Dungeon Crawl Stone Soup version 0.31-a0-175-g9f7f995f2b (webtiles) character file.

Game seed: 10226468243473271941

3 Zonian the Charlatan (level 1, 0/10 HPs)
             Began as a Vine Stalker Artificer on June 17, 2023.
             Slain by a kobold
             ... wielding a +1 whip of venom
              (3 damage)
             ... on level 1 of the Dungeon.
             The game lasted 00:00:44 (208 turns).

Zonian the Charlatan (Vine Stalker Artificer)        Turns: 208, Time: 00:00:45

Health: 0/10       AC:  3    Str: 14    XL:     1   Next: 50%
Magic:  0/2        EV: 11    Int: 11    God:
Gold:   0          SH:  0    Dex: 14    Spells: 0/0 levels left

rFire   . . .        (no weapon)
rCold   . . .        (no shield)
rNeg    . . .        b - +0 leather armour
rPois   .            (no helmet)
rElec   .            (no cloak)
rCorr   .            (no gloves)
SInv    .            (no boots)
Will    .....        (no amulet)
Stlth   ++           (no ring)
HPRegen 0.21/turn    (no ring)
MPRegen 0.08/turn

%: guardian spirit
@: lethally poisoned (0 -> -8)
A: fangs 2, magic shield, antimagic bite, no potion heal 2
a: no special abilities


You were on level 1 of the Dungeon.
You visited 1 branch of the dungeon, and saw 1 of its levels.

Inventory:

Armour
 b - a +0 leather armour (worn)
Wands
 c - a wand of flame (15) (quivered)
 d - a wand of charming (15)
 e - a wand of iceblast (5)


   Skills:
 + Level 1.0 Fighting
 - Level 1.5 Armour
 + Level 0.8 Dodging
 + Level 1.4 Stealth
 + Level 0.2 Unarmed Combat
 - Level 2.6 Evocations


You couldn't memorise any spells.
You didn't know any spells.
Your spell library was empty.

Dungeon Overview and Level Annotations

Branches:
Dungeon (1/15)

Altars:


Innate Abilities, Weirdness & Mutations

You have extremely sharp teeth.
When hurt, damage is shared between your health and your magic reserves.
Your bite disrupts and absorbs the magic of your enemies.
Potions cannot restore your health.


Message History

A kobold is nearby!
Unknown command.
The kobold throws a stone.
The stone hits you but does no damage. The kobold completely misses you.
You closely miss the kobold. You bite the kobold, but do no damage.
The kobold barely misses you.
You hit the kobold but do no damage. The kobold hits you with a +0 whip.
You hit the kobold.
The kobold is moderately wounded.
The kobold hits you with a +0 whip.
You barely miss the kobold. You bite the kobold.
You kill the kobold!
No target in view!
Unknown command.
Magic restored.
There is a stone staircase leading down here.
Things that are here:
a +0 whip; 4 stones A bat comes into view.
A bat is nearby!
Unknown command.
The bat hits you but does no damage.
You closely miss the bat. Your punch misses the bat. Your bite misses the bat.
The bat hits you. The bat barely misses you.
The bat hits you but does no damage.
You hit the bat but do no damage. You bite the bat.
You kill the bat!
No target in view!
A kobold comes into view. It is wielding a +1 whip of venom.
A kobold is nearby!
Unknown command.
A goblin comes into view. It is wielding a +0 dagger.
You barely miss the kobold.
The kobold hits you with a +1 whip of venom.
You are lethally poisoned!
You hit the kobold but do no damage. You bite the kobold, but do no damage.
* * * LOW HITPOINT WARNING * * *
You feel very sick.
The kobold hits you with a +1 whip of venom.
You die...

###
#.####.#
..# #.# #.#
#.##### #.#
#.#
#.....###.#
#.#
#....>)...#
#.###
#.....#####
#...#
#.....#
###.#
#.)...# #.#
#.....# #@#
#.....# #K#
####### #.#
#.# #.# #.#
#.# #g#


You could see a goblin (asleep) and a kobold.

Vanquished Creatures
  A quokka (D:1)
  A bat (D:1)
  A kobold (D:1)
  A rat (D:1)
4 creatures vanquished.

Notes
Turn   | Place    | Note
-------+----------+-------------------------------------------
     0 | D:1      | Zonian the Vine Stalker Artificer began the quest for the
                  | Orb.
     0 | D:1      | Reached XP level 1. HP: 9/9 MP: 2/2
   134 | D:1      | Reached skill level 1 in Fighting
   208 | D:1      | Slain by a kobold

Illustrated notes

Levels and vault maps discovered:
D:1:      dpeg_arrival_shrine, layout_basic

Skill      XL: |  1 |
---------------+----+-----
Fighting       | 1 |  1.0
Armour         | |  1.5
Dodging        | |  0.8
Stealth        | |  1.4
Unarmed Combat | |  0.2
Evocations     | |  2.6

Action                     || total
---------------------------++-------
  Melee: Unarmed           ||    17
         Bite              ||     7
 Armour: Leather armour    ||     4
  Dodge: Dodged            ||     8

Table legend: (Time is in decaauts)
 A = Elapsed time spent in this place.
 B = Non-inter-level travel time spent in this place.
 C = Inter-level travel time spent in this place.
 D = Time resting spent in this place.
 E = Time spent auto-exploring this place.
 F = Levels seen in this place.
 G = Mean time per level.
                   A        B        C        D        E       F      G
               +--------+--------+--------+--------+--------+-----+--------+
         Total |    207 |    207 |      0 |      0 |    164 |   1 |  207.0 |
       Dungeon |    207 |    207 |      0 |      0 |    164 |   1 |  207.0 |
               +--------+--------+--------+--------+--------+-----+--------+

Top non-repeatable levels by time:
     D:1: 207 daAuts
